 Dungeon Crawl Stone Soup version 0.31.0-32-g396128a36d (webtiles) character file.

Game seed: 1027424973655466092

7 safid the Ruffian (level 1, -3/16 HPs)
             Began as a Draconian Shapeshifter on Apr 4, 2024.
             Succumbed to a goblin's poison
             ... on level 1 of the Dungeon.
             The game lasted 00:00:23 (355 turns).

safid the Ruffian (Draconian Shapeshifter)           Turns: 355, Time: 00:00:23

Health: -3/16      AC:  4    Str: 16    XL:     1   Next: 91%
Magic:  1/1        EV: 12    Int: 10    God:
Gold:   13         SH:  0    Dex: 10    Spells: 0/0 levels left

rFire   . .          .
                       - Unarmed
rCold   . . .        (no shield)
rNeg    . . .        (body armour unavailable)
rPois   .            (helmet currently unavailable)
rElec   .            (cloak currently unavailable)
rCorr   .            (gloves currently unavailable)
SInv    .            (boots currently unavailable)
Will    .....        (no amulet)
Stlth   +            (no ring)
HPRegen 0.22/turn    (no ring)
MPRegen 0.07/turn

%: no passive effects
@: mighty, lethally poisoned (-3 -> -25), beast-form
A: beast (slay +1), AC +4, unfitting armour, cold-blooded
a: Begin Untransformation


You were on level 1 of the Dungeon.
You were a hulking beast.
You visited 1 branch of the dungeon, and saw 1 of its levels.

You collected 13 gold pieces.

Inventory:

Talismans
 b - a beast talisman
 c - a flux talisman
Scrolls
 d - a scroll of fear {unknown}
 f - a scroll of teleportation {unknown}
Potions
 a - 2 potions of lignification


   Skills:
 + Level 1.1 Fighting
 + Level 1.7 Dodging
 + Level 3.3 Unarmed Combat
 + Level 3.2 Shapeshifting


You couldn't memorise any spells.
You didn't know any spells.
Your spell library was empty.

Dungeon Overview and Level Annotations

Branches:
Dungeon (1/15)

Altars:


Innate Abilities, Weirdness & Mutations

You are a hulking beast.
Your limbs bulge with bestial killing power. (Slay +1)
Your plain brown scales are hard. (AC +4)
You cannot fit into any form of body armour.
You are cold-blooded and may be slowed by cold attacks.


Message History

The bat hits you but does no damage.
You miss the bat. Your punch misses the bat. The bat hits you.
The bat misses you.
The goblin hits you with a +2 dagger of venom.
You are poisoned.
The bat barely misses you.
You hit the bat.
The bat is moderately wounded.
You feel very sick. The bat hits you but does no damage.
The goblin hits you with a +2 dagger of venom.
You are too injured to fight recklessly!
You are too injured to fight recklessly!
You are too injured to fight recklessly!
You are too injured to fight recklessly!
You are too injured to fight recklessly!
You are too injured to fight recklessly!
You are too injured to fight recklessly!
You are too injured to fight recklessly!
You are too injured to fight recklessly!
You are too injured to fight recklessly!
You are too injured to fight recklessly!
You are too injured to fight recklessly!
You are too injured to fight recklessly!
You are too injured to fight recklessly!
You are too injured to fight recklessly!
You are too injured to fight recklessly!
You are too injured to fight recklessly!
You are too injured to fight recklessly!
Unknown command.
Unknown command.
You barely miss the goblin.
You feel sick. The bat hits you but does no damage.
The goblin hits you with a +0 club.
The goblin hits you with a +2 dagger of venom.
* * * LOW HITPOINT WARNING * * *
You are more poisoned.
Unknown command.
It was a potion of might.
You feel very mighty all of a sudden.
You die...

#.......#
#.......#
#.......#
###..[....#+####+
#................
####
................
#...
........g.......
#...
#....h.b.....
#...
#.....g......
#...
#...#........
#...
#...#........
#...
#...#########
#####'# #...#
#...#.# #.###
#...+.. #.#
#########...#.#
#.#
#.......+...#.#


You could see 2 goblins and a bat.

Vanquished Creatures
  2 endoplasms (D:1)
  2 kobolds (D:1)
  A quokka (D:1)
  A rat (D:1)
6 creatures vanquished.

Notes
Turn   | Place    | Note
-------+----------+-------------------------------------------
     0 | D:1      | safid the Draconian Shapeshifter began the quest for the
                  | Orb.
     0 | D:1      | Reached XP level 1. HP: 16/16 MP: 1/1
   355 | D:1      | Succumbed to a goblin's poison

Illustrated notes

Levels and vault maps discovered:
D:1:      dpeg_arrival_rooms_a, layout_basic, hex_medium

Action                     || total
---------------------------++-------
  Melee: Unarmed           ||    24
         Tailslap          ||     3
    Use: Potion            ||     1
   Stab: Sleeping          ||     1
 Armour: Skin              ||    16
  Dodge: Dodged            ||    11
